Map: Kairos Junction LE

Players

A.I. 1 (Hard)

  • Race: Zerg Zerg
  • Spawn Location: 11:00

Eleven - Winner!

  • Race: Zerg Zerg
  • League: Diamond
  • Spawn Location: 5:00

VOD

Have the link to the VOD?

Description

Time

  • Played on: Dec. 10, 2020, 10:19 p.m.
  • Length: 7:20
Show
View Real Time Build Order
Export as new Build Order

A.I. 1 (Hard) Zerg 

Build Orders: Hatch First 

Get SALT Encoding   

  12  0:00  Drone  
  13  0:12  Overlord  
  13  0:16  Drone  
  14  0:30  Drone  
  14  0:32  Drone  
  14  0:34  Drone  
  17  0:53  Hatchery  
  17  0:56  Drone  
  17  1:12  Spawning Pool  
  17  1:13  Drone  
  17  1:17  Drone  
  18  1:18  Extractor  
  18  1:22  Drone  
  18  1:28  Overlord  
  18  1:38  Drone  
  19  2:00  Zergling x4, Queen  
  23  2:03  Roach Warren  
  23  2:04  Drone  
  23  2:08  Extractor  
  22  2:12  Drone  
  23  2:27  Drone  
  24  2:38  Overlord  
  24  2:43  Roach  
  24  2:44  Roach x2  
  28  2:45  Roach  
  32  2:53  Roach  
  32  2:54  Roach  
  36  3:04  Drone  
  37  3:14  Lair  
  37  3:27  Overlord  
  37  3:28  Extractor  
  37  3:30  Drone  
  38  3:34  Drone  
  38  3:37  Drone  
  38  3:41  Drone  
  40  3:44  Drone  
  40  3:46  Drone  
  42  3:53  Evolution Chamber  
  41  3:56  Drone  
  41  4:02  Evolution Chamber  
  41  4:04  Drone  
  42  4:14  Drone, Hydralisk Den  
  42  4:21  Overlord  
  42  4:31  Drone  
  42  4:34  Drone  
  42  4:37  Drone  
  45  4:40  Drone  
  45  4:42  Hydralisk  
  45  4:43  Drone  
  49  4:46  Drone  
  49  4:52  Overlord  
  50  4:55  Drone  
  50  4:56  Hydralisk  
  50  4:58  Drone  
  54  5:00  Drone  
  54  5:02  Drone  
  56  5:07  Drone  
  56  5:12  Hydralisk  
  58  5:14  Drone  
  58  5:16  Hydralisk  
  58  5:20  Hydralisk  
  54  5:24  Zergling x2, Drone  
  53  5:29  Hydralisk  
  53  5:34  Zergling x2  
  45  5:40  Hydralisk  
  41  5:45  Hydralisk  
  43  5:52  Hydralisk Den  
  40  6:00  Zergling x2  
  31  6:04  Zergling x2  
  31  6:09  Drone  
  24  6:15  Drone  
  19  6:20  Drone  
  19  6:22  Hydralisk  
  19  6:25  Drone  
  21  6:30  Drone  
  18  6:35  Drone  
  18  6:40  Drone  
  18  6:45  Drone  
Show
View Real Time Build Order
Export as new Build Order

Eleven Zerg - Winner!

Build Orders: Hatch First, Roach Nydus 

Get SALT Encoding   

  12  0:00  Drone  
  13  0:12  Overlord  
  13  0:17  Drone  
  14  0:31  Drone x2  
  16  0:49  Hatchery  
  15  0:52  Drone  
  15  0:55  Drone  
  17  0:59  Drone  
  18  1:10  Extractor  
  17  1:15  Spawning Pool  
  16  1:18  Drone  
  16  1:21  Drone  
  18  1:28  Drone  
  19  1:44  Drone  
  20  1:53  Overlord  
  20  2:02  Queen x2  
  20  2:03  Zergling x2  
  20  2:04  Zergling x2  
  26  2:12  Drone  
  26  2:13  Drone  
  28  2:27  Drone x2  
  30  2:32  Overlord  
  30  2:35  Drone  
  31  2:40  Lair  
  31  2:45  Drone x2  
  31  2:48  Evolution Chamber  
  32  2:55  Drone  
  32  2:59  Drone  
  32  3:01  Roach Warren  
  32  3:05  Drone  
  32  3:07  Drone  
  32  3:11  Overlord  
  32  3:12  Drone x2  
  36  3:15  Zerg Missile Weapons Level 1  
  36  3:20  Drone  
  36  3:21  Drone x2  
  36  3:23  Drone  
  36  3:26  Drone  
  41  3:31  Drone  
  41  3:34  Extractor  
  41  3:35  Extractor  
  41  3:37  Drone  
  41  3:40  Glial Reconstitution  
  41  3:43  Drone  
  41  3:45  Drone  
  41  3:46  Drone x2  
  41  3:47  Overlord  
  45  3:51  Drone  
  45  3:52  Drone  
  47  4:01  Extractor, Drone x3  
  49  4:10  Nydus Network, Overlord x2  
  48  4:20  Roach  
  48  4:21  Roach  
  52  4:25  Roach  
  52  4:28  Roach x3  
  52  4:30  Roach  
  64  4:31  Roach  
  64  4:33  Roach  
  64  4:36  Roach  
  68  4:39  Roach  
  68  4:43  Roach  
  72  4:49  Nydus Canal  
  72  4:53  Roach  
  72  4:55  Roach  
  72  4:59  Overlord x3  
  72  5:25  Roach  
  72  5:26  Roach x5  
  81  5:33  Nydus Canal  
  77  5:43  Roach x7  
  85  6:02  Roach x4  
  91  6:13  Roach x2  
  95  6:28  Hatchery  
  96  6:32  Roach  
  96  6:33  Roach x2  
  100  6:40  Overlord  
  100  6:41  Overlord x2  
  98  6:57  Roach x2  
Tags
 
Add a new tag
Caveats
  • Supply blocks, unpowered buildings, or Contaminate may cause inaccurate times.
  • Supply counts are checked every 10 seconds.